 Dungeon Crawl Stone Soup version 0.29.1-2-gbd0b4ee654 (webtiles) character file.

Game seed: 9431460306521245300

608 GorkyZ the Chopper (level 7, -2/61 HPs)
             Began as a Hill Orc Gladiator on Nov 20, 2022.
             Killed by divine providence
             ... invoked by an orc priest
              (12 damage)
             ... on level 4 of the Dungeon.
             The game lasted 00:08:38 (3447 turns).

GorkyZ the Chopper (Hill Orc Gladiator)             Turns: 3447, Time: 00:08:39

Health: -2/61      AC:  8    Str: 19    XL:     7   Next: 43%
Magic:  7/7        EV: 11    Int:  8    God:
Gold:   140        SH:  0    Dex: 12    Spells: 6/6 levels left

rFire   . . .      SeeInvis .   w - +0 scythe
rCold   . . .      Faith    .   (shield currently unavailable)
rNeg    . . .      Spirit   .   k - +0 ring mail
rPois   .          Reflect  .   c - +0 helmet
rElec   .          Harm     .   s - +0 cloak
rCorr   .          Rampage  .   (no gloves)
Will    .....                   (no boots)
Stlth   +.........              (no amulet)
HPRegen 0.20/turn               (no ring)
MPRegen 0.10/turn               (no ring)

@: no status effects
A: no striking features
a: Convert to Beogh


You were on level 4 of the Dungeon.
You visited 1 branch of the dungeon, and saw 6 of its levels.

You collected 140 gold pieces.

Inventory:

Hand Weapons
 a - a +0 war axe
 w - a +0 scythe (weapon)
Missiles
 d - 3 throwing nets (quivered)
 e - a javelin
Armour
 b - a +0 leather armour
 c - a +0 helmet (worn)
 k - a +0 ring mail (worn)
 s - a +0 cloak (worn)
Jewellery
 f - a ring of willpower
Wands
 q - a wand of charming (9)
 y - a wand of mindburst (16)
Scrolls
 i - a scroll of magic mapping {unknown}
 j - a scroll of poison {unknown}
 m - a scroll of fear {unknown}
 n - a scroll of blinking {unknown}
 o - 3 scrolls of enchant armour {unknown}
 p - a scroll of amnesia {unknown}
 r - 2 scrolls of identify {unknown}
 t - a scroll of immolation {unknown}
 v - a scroll of teleportation {unknown}
 x - 2 scrolls of vulnerability {unknown}
Potions
 g - a potion of degeneration {unknown}
 h - a potion of haste {unknown}
 l - 3 potions of curing {unknown}
 u - a potion of might {unknown}
 z - a potion of attraction {unknown}


   Skills:
 + Level 5.2 Fighting
 - Level 5.7(6.0) Axes
 + Level 2.1(3.7) Polearms
 + Level 3.9 Throwing
 + Level 3.9 Armour
 - Level 2.4 Dodging


You had 6 spell levels left.
You didn't know any spells.
Your spell library contained the following spells:

 Spells                   Type           Power      Damage    Failure   Level
 Sublimation of Blood     Necr           0%         N/A       73%         2
 Wereblood                Tmut           0%         N/A       73%         2
 Gell's Gravitas          Tloc           0%         N/A       91%         3
 Teleport Other           Tloc           0%         N/A       91%         3
 Dispersal                Tloc           0%         N/A       100%        6
 Summon Hydra             Summ           0%         N/A       100%        7


Dungeon Overview and Level Annotations

Branches:
Dungeon (6/15)
 Temple: D:4-7

Altars:
Trog
Beogh


Message History

You hit the orc priest but do no damage.
The orc priest misses you. The orc barely misses you. x2
The orc priest hits you from afar with a +0 trident.
The orc hits you with a +2 war axe of flaming.
The orc burns you.
The orc priest shouts, "Beogh is our master!
Accept the truth or die!"
The orc priest hits you but does no damage.
The orc hits you with a +0 hand axe. The orc attacks as you move away!
The orc hits you but does no damage.
The orc priest attacks as you move away!
The orc priest barely misses you.
The orc priest mumbles some strange prayers to Beogh against you.
You struggle to resist.
The orc priest miscasts a cantrip.
You hit the orc priest but do no damage.
The orc priest looks braver for a moment.
The orc priest closely misses you.
The orc priest shouts, "Surrender to Beogh and we'll let you live!"
You hit the orc priest.
The orc priest shouts, "Beogh is our master!
Accept the truth or die!"
The orc priest is moderately wounded.
The orc priest calls down the wrath of Beogh upon you.
Beogh smites you!
The orc priest threatens, "By the altar or by the axe, you will meet Beogh!"
You puncture the orc priest!
The orc priest is almost dead.
The orc priest closely misses you.
The orc priest looks encouraged for a moment.
You barely miss the orc priest.
The orc priest is almost dead.
The orc priest begins to cast a cantrip, but forgets the words!
The orc priest calls down the wrath of Beogh upon you.
Beogh smites you!
* * * LOW HITPOINT WARNING * * *
You closely miss the orc priest.
The orc priest threatens, "By the altar or by the axe, you will meet Beogh!"
The orc priest is almost dead.
The orc priest calls down the wrath of Beogh upon you.
Beogh smites you!
You die...

#.# #....# #. #...รท. .
##.########.## ....
..###..#.......... ....
..#.##.###.##.#. .....
#>.....# #.##.#. ..... #....#
#.##.#. ......
#########....###.##.#.
......##.ooo@......)'...##.#.
#....o######....###....#.
###'### #....# #.####.
#oo.#### #....###.# #.
#.8.8.#.# #........# #.
#..$$.#.####...[.#######
#$8$8$#.......##........
##._.##..####.##########
#####..#####.#


You could see 2 orc priests and 2 orcs.

Vanquished Creatures
  Sigmund (D:3)
  A bullfrog (D:6)
  2 necrophages (D:4)
  2 scorpions
  Jessica (D:2)
  An iguana (D:5)
  5 dart slugs
  6 orcs
  4 endoplasms
  3 giant cockroaches
  6 goblins
  8 hobgoblins
  6 jackals
  8 kobolds
  2 quokkas
  3 ball pythons
  5 bats
  A frilled lizard (D:1)
  11 rats
  A bush (D:3)
77 creatures vanquished.

Vanquished Creatures (others)
  4 plants (D:3)
4 creatures vanquished.

Grand Total: 81 creatures vanquished

Notes
Turn   | Place    | Note
-------+----------+-------------------------------------------
     0 | D:1      | GorkyZ the Hill Orc Gladiator began the quest for the Orb.
     0 | D:1      | Reached XP level 1. HP: 18/18 MP: 1/1
    82 | D:1      | Reached XP level 2. HP: 23/25 MP: 2/2
   286 | D:1      | Reached skill level 1 in Armour
   414 | D:1      | Reached XP level 3. HP: 29/31 MP: 3/3
  1153 | D:2      | Noticed Jessica
  1160 | D:2      | Killed Jessica
  1161 | D:2      | Reached XP level 4. HP: 38/38 MP: 4/4
  1981 | D:3      | Noticed a scorpion
  1992 | D:3      | Killed a scorpion
  1993 | D:3      | Reached skill level 5 in Axes
  1993 | D:3      | Reached XP level 5. HP: 30/46 MP: 5/5
  2209 | D:3      | Noticed Sigmund
  2220 | D:3      | Killed Sigmund
  2221 | D:3      | Reached XP level 6. HP: 36/53 MP: 6/6
  2978 | D:4      | Reached skill level 1 in Polearms
  2978 | D:4      | Reached XP level 7. HP: 54/60 MP: 7/7
  3062 | D:4      | You fall into a shaft and drop 2 floors!
  3079 | D:6      | Reached skill level 5 in Fighting
  3265 | D:6      | Noticed a steam dragon
  3282 | D:6      | Found a bloodstained altar of Trog.
  3288 | D:5      | Entered Level 5 of the Dungeon
  3430 | D:4      | Found a roughly hewn altar of Beogh.
  3447 | D:4      | Killed from afar by an orc priest

Illustrated notes

Levels and vault maps discovered:
D:1:      dpeg_arrival_morbid_curiosity, layout_basic
D:2:      layout_loops_cross, uniq_jessica
D:3:      layout_loops_corners, serial_forest, infiniplex_forest_end_double,
          infiniplex_forest_lined_room_3, infiniplex_forest_side_room,
          infiniplex_forest_fountain, infiniplex_forest_straight_2,
          infiniplex_forest_zigzag_2, infiniplex_forest_clump_small,
          infiniplex_forest_end_1, minivault_25, uniq_sigmund
D:4:      layout_basic, serial_shops, nicolae_shop_statue_plus,
          kennysheep_orc_chapel
D:5:      layout_gridville, nicolae_overflow_quartered_altars, temple_doors_cd
D:6:      layout_cave_pools, mainiacjoe_overflow_paths, minmay_alternating_orb

Skill      XL: |  1  2  3  4  5  6  7 |
---------------+----------------------+-----
Throwing       | 2 3 |  3.9
Armour         | 1 2 3 |  3.9
Fighting       | 3 4 5 |  5.2
Axes           | 5 |  5.7
Polearms       | 1 2 |  2.1
Dodging        | |  2.4

Action                   |  1- 3 |  4- 6 |  7- 9 || total
-------------------------+-------+-------+-------++-------
Melee: War axe           |   100 |   109 |       ||   209
       Punch             |     1 |       |       ||     1
       Halberd           |       |    37 |    64 ||   101
Throw: Throwing net      |       |     3 |       ||     3
Armor: Leather armour    |    17 |       |       ||    17
       Ring mail         |    11 |    34 |    33 ||    78
Dodge: Dodged            |    73 |    40 |    42 ||   155
